 Dungeon Crawl Stone Soup version 0.25.1-2-g60ff931df9 (webtiles) character file.

Game seed: 1636597608223266330

425 Delamore the Cudgeler (level 6, 0/60 HPs)
             Began as a Gargoyle Fighter on Sept 12, 2020.
             Slain by an orc
             ... wielding a +0 hand axe
              (2 damage)
             ... on level 4 of the Dungeon.
             The game lasted 00:02:44 (2788 turns).

Delamore the Cudgeler (Gargoyle Fighter)            Turns: 2788, Time: 00:02:45

Health: 0/60       AC: 23    Str: 21    XL:     6   Next: 96%
Magic:  6/6        EV:  2    Int:  9    God:
Gold:   190        SH:  9    Dex:  9    Spells: 5/5 levels left

rFire    . . .     SeeInvis .   a - +0 flail
rCold    . . .     Gourm    .   c - +0 kite shield
rNeg     + + +     Faith    .   (armour currently unavailable)
rPois    ∞         Spirit   .   (helmet currently unavailable)
rElec    .         Reflect  .   (cloak currently unavailable)
rCorr    .         Harm     .   (gloves currently unavailable)
MR       .....     NoTele   +   (boots currently unavailable)
Stlth    +.........             (no amulet)
HPRegen  0.20/turn              (no ring)
MPRegen  0.10/turn              (no ring)

@: brilliant, tree-form, stab
A: negative energy resistance 1, petrification resistance, rot immunity, AC +4
a: no special abilities


You were on level 4 of the Dungeon.
You were not hungry.
You were a tree.
You visited 1 branch of the dungeon, and saw 4 of its levels.

You collected 190 gold pieces.

Inventory:

Hand Weapons
 a - a +0 flail (weapon)
Missiles
 t - 4 boomerangs (quivered)
Armour
 b - a +0 scale mail (melded)
 c - a +0 kite shield (worn)
 q - a +0 pair of boots (melded)
Wands
 u - a wand of iceblast (8)
Scrolls
 e - a scroll of blinking
 j - a scroll of teleportation
 k - 2 scrolls of fog
 l - 2 scrolls of remove curse
 n - a scroll of enchant weapon
 v - a scroll of enchant armour
Potions
 d - a potion of might
 g - 2 potions of cancellation
 h - 2 potions of curing
 i - 2 potions of haste
Comestibles
 f - 4 rations
 s - a chunk of flesh


   Skills:
 - Level 5.0 Fighting
 + Level 5.3 Maces & Flails
 - Level 3.2 Armour
 - Level 5.0 Shields


You had 5 spell levels left.
You didn't know any spells.
Your spell library was empty.

Dungeon Overview and Level Annotations

Branches:
Dungeon (4/15)
 Temple: D:4-7

Altars:
Gozag

Portals:
Ossuary: D:4


Innate Abilities, Weirdness & Mutations

You are resistant to torment.
((Your stone body is resilient. (AC +4)))
You are immune to poison.
You resist negative energy. (rN+)
((You are resistant to electric shocks. (rElec)))
((You can survive without breathing.))
You are immune to petrification.
You are immune to rotting.


Message History

It was a potion of stabbing.
You feel ready to backstab. The orc hits you but does no damage.
You block the orc priest's attack. The orc hits you but does no damage.
You block the orc's attack.
It was a potion of brilliance.
You feel clever all of a sudden. You block the orc's attack.
The orc priest hits you but does no damage.
You block the orc's attack. The orc hits you with a +0 hand axe.
* * * LOW HITPOINT WARNING * * *
You hit the orc priest.
The orc priest is severely wounded.
The orc wizard hits you but does no damage.
The orc hits you but does no damage.
The orc priest calls down the wrath of Beogh upon you.
Beogh smites you!
* * * LOW HITPOINT WARNING * * *
The orc hits you but does no damage. You block the orc wizard's attack.
The orc hits you with a +0 hand axe.
You die...

.............#
#............##
#.#...........#
#............#
#............#
#...........#
#............
#...o♣o......
#.#..oo......
#.o........
##?........
#.......##
#########


You could see an orc priest, an orc wizard (fast) and 3 orcs.

Vanquished Creatures
  A crimson imp (D:3)
  2 orc priests (D:3)
  An orc wizard (D:3)
  Natasha (twice) (D:2)
  Terence (D:2)
  7 adders
  7 gnolls
  An ooze (D:3)
  A worm (D:3)
  3 dart slugs
  2 leopard geckos
  10 orcs (D:3)
  3 ball pythons
  4 giant cockroaches
  9 goblins
  5 hobgoblins
  4 jackals (D:2)
  2 quokkas (D:3)
  7 bats
  7 frilled lizards
  8 kobolds
  3 rats
90 creatures vanquished.

Notes
Turn   | Place    | Note
-------+----------+-------------------------------------------
     0 | D:1      | Delamore the Gargoyle Fighter began the quest for the Orb.
     0 | D:1      | Reached XP level 1. HP: 14/14 MP: 1/1
   236 | D:1      | Reached XP level 2. HP: 19/19 MP: 2/2
   493 | D:1      | Reached XP level 3. HP: 24/24 MP: 3/3
   987 | D:2      | Reached XP level 4. HP: 27/29 MP: 4/4
  1235 | D:2      | Noticed Terence
  1249 | D:2      | Killed Terence
  1315 | D:2      | Found an opulent altar of Gozag.
  1331 | D:2      | Noticed Natasha
  1336 | D:2      | Killed Natasha
  1336 | D:2      | Reached XP level 5. HP: 30/34 MP: 5/5
  1809 | D:2      | Noticed Natasha
  1818 | D:2      | Killed Natasha
  2076 | D:3      | Reached XP level 6. HP: 40/40 MP: 6/6
  2194 | D:3      | Reached skill level 5 in Fighting
  2194 | D:3      | Reached skill level 5 in Shields
  2452 | D:3      | Reached skill level 5 in Maces & Flails
  2770 | D:4      | Found a sand-covered staircase.
  2781 | D:4      | HP: 1/40 [orc priest/nerve-wracking pain (4)]
  2788 | D:4      | HP: 2/60 [orc priest/divine providence (10)]
  2788 | D:4      | Slain by an orc

Illustrated notes

Levels and vault maps discovered:
D:1:      mrwooster_arrival_statue, layout_basic
D:2:      layout_basic, grunt_gozag_statues, uniq_terence, uniq_natasha
D:3:      layout_rooms, minivault_14, minmay_crystal_water
D:4:      layout_cave_pods, serial_shops, nicolae_shop_trees,
          nicolae_ossuary_entry_ruins

Skill      XL: |  1  2  3  4  5  6 |
---------------+-------------------+-----
Fighting       | 4 5 |  5.0
Shields        | 4 5 |  5.0
Maces & Flails | 3 5 |  5.3
Armour         | |  3.2

Action                   |  1- 3 |  4- 6 || total
-------------------------+-------+-------++-------
Melee: Flail             |    90 |   305 ||   395
  Use: Scroll            |       |     6 ||     6
       Potion            |       |     6 ||     6
  Eat: Chunk             |       |     7 ||     7
Armor: Scale mail        |    66 |   201 ||   267
       Skin              |       |     5 ||     5
Dodge: Dodged            |    35 |   119 ||   154
Block: Kite shield       |    51 |   206 ||   257
